 Dungeon Crawl Stone Soup version 0.27.0-1-g7a089689b8 (webtiles) character file.

Game seed: 8106584451118269079

445 mdonais the Magician (level 7, -3/52 HPs)
             Began as a Djinni Wanderer on Aug 2, 2021.
             Slain by Pikel (13 damage)
             ... on level 4 of the Dungeon.
             The game lasted 00:29:02 (7178 turns).

mdonais the Magician (Djinni Wanderer)              Turns: 7178, Time: 00:29:04

Health: -3/52      AC:  7    Str: 12    XL:     7   Next: 23%
Gold:   128        EV: 11    Int: 16    God:
                   SH:  0    Dex: 11

rFire    + + .     SeeInvis .   a - +2 quarterstaff (spect)
rCold    . . .     Faith    .   (shield currently unavailable)
rNeg     + . .     Spirit   .   w - +2 leather armour {rC+}
rPois    ∞         Reflect  .   f - +0 helmet
rElec    .         Harm     .   (no cloak)
rCorr    .         Rampage  .   i - +0 pair of gloves
Will     .....                  (boots unavailable)
Stlth    +.........             (no amulet)
HPRegen  0.17/turn              (no ring)
MPRegen  0.00/turn              v - ring of positive energy

@: flying, very slightly contaminated, invisible
A: sickness immunity, fire resistance 2, cold vulnerability 1, float, innate
caster, hp casting, extra vitality 1
a: no special abilities


You were on level 4 of the Dungeon.
You visited 1 branch of the dungeon, and saw 5 of its levels.

You collected 128 gold pieces.

Inventory:

Hand Weapons
 a - a +2 spectral quarterstaff (weapon)
   (You found it on level 4 of the Dungeon)
 c - a +0 dagger of electrocution
   (You took it off a goblin on level 1 of the Dungeon)
 d - a +2 dagger
 k - a +0 spear
 n - a +0 quarterstaff
   (You found it on level 1 of the Dungeon)
Missiles
 h - 132 stones
 o - 42 sling bullets
 q - 25 arrows
 t - 2 boomerangs (quivered)
 x - 16 bolts
Armour
 f - a +0 helmet (worn)
   (You found it on level 1 of the Dungeon)
 i - a +0 pair of gloves (worn)
   (You found it on level 1 of the Dungeon)
 w - a +2 leather armour of cold resistance (worn)
   (You took it off an orc on level 3 of the Dungeon)
Magical Staves
 b - a staff of death
   (You found it on level 1 of the Dungeon)
 y - a staff of air
   (You found it on level 4 of the Dungeon)
Jewellery
 g - a ring of fire
   (You found it on level 1 of the Dungeon)
 v - a ring of positive energy (right hand)
   (You found it on level 3 of the Dungeon)
Wands
 A - a wand of acid (11)
   (You found it on level 4 of the Dungeon)
Scrolls
 e - a scroll of noise {unknown}
 l - 3 scrolls of fear
 r - 2 scrolls of teleportation {unknown}
Potions
 p - a potion of mutation
 s - a potion of resistance
 u - a potion of attraction {unknown}
 Q - a potion of curing


   Skills:
 + Level 4.0 Fighting
 - Level 2.5 Short Blades
 + Level 0.0 Staves
 - Level 1.0 Throwing
 - Level 3.0 Armour
 - Level 2.0 Dodging
 - Level 1.0 Stealth
 + Level 5.0 Spellcasting
 + Level 0.0 Evocations


You had 10 spell levels left.
You knew the following spells:

 Your Spells              Type           Power      Damage    Failure   Level
a - Pain                  Necr           80%        1d8       2%          1
b - Blink                 Tloc           N/A        N/A       3%          2
c - Dazzling Flash        Conj/Hex       40%        N/A       8%          3
Your spell library was empty.

Dungeon Overview and Level Annotations

Branches:
Dungeon (5/15)
 Temple: D:4-7

Altars:
Xom

Annotations:
D:2 Sigmund
D:3 1 runed translucent door, DocClef's ghost, amateur GnDe
D:4 Pikel


Innate Abilities, Weirdness & Mutations

You are immune to sickness and miasma.
You are immune to poison.
Your flesh is very heat resistant. (rF++)
You are vulnerable to cold. (rC-)
You float through the air rather than walking.
You learn spells naturally, not from books.
Your magical power is your life essence.
You have superior vitality. (+4 HP)


Message History

You reach down and open the door.
There is an open door here.
A goblin comes into view. It is wielding a +0 dagger.
The goblin shouts!
The goblin unwields a +0 dagger.
The goblin wields a +0 hunting sling.
The goblin shoots a stone.
The stone hits you but does no damage.
The goblin shoots a stone.
The stone hits you but does no damage.
Casting: Pain (safe; 2% risk of failure)
Confirm with . or Enter, or press ? or * to list all spells.
You can't see any susceptible monsters within range! (Use Z to cast anyway.)
The goblin shoots a stone.
The stone hits you.
You take 2 damage, and have 50/52 hp.
Casting: Pain (safe; 2% risk of failure)
Confirm with . or Enter, or press ? or * to list all spells.
Aiming: Pain (safe; 2% risk of failure)
Press: ? - help, Shift-Dir - straight line, f - goblin
Aim: a goblin, wielding a +0 hunting sling and quivering stones (chance to affect: 93%)
You feel a surge of power!
The goblin writhes in agony.
The goblin shoots a stone.
The stone closely misses you.
You take 2 damage, and have 48/52 hp.
Casting: Pain (safe; 2% risk of failure)
Confirm with . or Enter, or press ? or * to list all spells.
Aiming: Pain (safe; 2% risk of failure)
Press: ? - help, Shift-Dir - straight line, f/p - goblin
Aim: a goblin, wielding a +0 hunting sling and quivering stones (heavily wounded, chance to affect: 93%)
You feel a surge of power!
The goblin writhes in agony.
You kill the goblin!
You take 2 damage, and have 46/52 hp.
Casting: Pain (safe; 2% risk of failure)
Confirm with . or Enter, or press ? or * to list all spells.
You can't see any susceptible monsters within range! (Use Z to cast anyway.)
y - a staff of air
h - 132 stones (gained 23)
Things that are here:
a +0 hunting sling; a +0 dagger You regained 2 hp, and now have 49/52 hp.
There is an open door here.
Done exploring.
Health restored: 52 Done exploring.
Done exploring.
Done exploring.
Search for what [? for help]? .
(D) Dungeon
Where to? (Enter - D:4 @ (x,y), ? - help)
There is a stone staircase leading down here.
You fly downwards.
There is a stone staircase leading up here.
You reach down and open the door.
A lemure comes into view.
The lemure shouts!
You hear a shout! x2
The lemure moves out of view.
A phantom comes into view.
Pikel the Slaver comes into view.
He is wielding a +2 whip of flaming.
There is an open door here.
There is a stone staircase leading up here.
Casting: Pain (safe; 2% risk of failure)
Confirm with . or Enter, or press ? or * to list all spells.
You can't see any susceptible monsters within range! (Use Z to cast anyway.)
Casting: Pain (safe; 2% risk of failure)
Confirm with . or Enter, or press ? or * to list all spells.
You can't see any susceptible monsters within range! (Use Z to cast anyway.)
You feel a bond with your your +2 spectral quarterstaff.
a - a +2 spectral quarterstaff (weapon)
Throw: 2 boomerangs
Press: ? - help, Q - select action, (/) - cycle Shift-Dir - straight line, f - lemure
Aim: a lemure (50% to hit)
You throw a boomerang. The boomerang hits the lemure.
The lemure is lightly wounded.
The lemure closely misses you.
You fly upwards.
There is a stone staircase leading down here.
You hit the lemure.
The lemure is moderately wounded.
Your spectral +2 spectral quarterstaff hits the lemure!
The lemure barely misses you. The lemure hits you but does no damage.
You hit the lemure.
The lemure is heavily wounded.
Your spectral +2 spectral quarterstaff hits the lemure!
The lemure hits you but does no damage.
You barely miss the lemure.
The lemure is severely wounded.
Your spectral +2 spectral quarterstaff hits the lemure!
You kill the lemure!
That felt strangely unrewarding.
No target in view!
You fly downwards.
Level annotation: Pikel A lemure comes into view.
Pikel drinks a potion.
Pikel goes berserk!
The lemure shouts!
There is a stone staircase leading up here.
Pikel misses you. The phantom misses you.
You fly upwards.
There is a stone staircase leading down here.
You can't see any enemies this would affect, really read the scroll of fear?
Okay, then.
Unknown command.
Casting: Pain (safe; 2% risk of failure)
Confirm with . or Enter, or press ? or * to list all spells.
Pikel hits you with a +2 whip of flaming.
The phantom hits you but does no damage.
Pikel barely misses you.
You take 5 damage, and have 47/52 hp.
Casting: Dazzling Flash (dangerous; 8% risk of failure)
Confirm with . or Enter, or press ? or * to list all spells.
Pikel is dazzled.
Pikel completely misses you. The phantom hits you!
The phantom blinks!
You blink.
You take 10 damage, and have 37/52 hp.
You closely miss the phantom.
Your spectral +2 spectral quarterstaff hits the phantom.
The phantom hits you but does no damage.
You hit the phantom.
The phantom is lightly damaged.
Your spectral +2 spectral quarterstaff hits the phantom!
The phantom hits you. The phantom barely misses you.
You take 2 damage, and have 35/52 hp.
You closely miss the phantom.
The phantom is heavily damaged.
Your spectral +2 spectral quarterstaff hits the phantom.
Pikel hits you with a +2 whip of flaming.
The phantom hits your spectral +2 spectral quarterstaff.
Your spectral weapon shares its damage with you!
The phantom blinks!
Your spectral +2 spectral quarterstaff blinks!
Pikel hits you with a +2 whip of flaming!
* * * LOW HITPOINT WARNING * * *
Pikel burns you.
* * * LOW HITPOINT WARNING * * *
You take 22 damage, and have 13/52 hp.
MASSIVE DAMAGE!!
Okay, then.
You feel much better.
Pikel is no longer blind.
Pikel hits you with a +2 whip of flaming!
Pikel burns you.
You regained 10 hp, and now have 23/52 hp.
You fade into invisibility!
Pikel closely misses you.
Pikel hits you with a +2 whip of flaming.
Pikel burns you.
You are very lightly contaminated with residual magic.
You take 7 damage, and have 16/52 hp.
Pikel rages.
Pikel hits you with a +2 whip of flaming!
* * * LOW HITPOINT WARNING * * *
Pikel burns you.
* * * LOW HITPOINT WARNING * * *
You take 14 damage, and have 2/52 hp.
MASSIVE DAMAGE!!
You feel better.
Pikel hits you with a +2 whip of flaming!
You die...

................................#
................................#
..................######........#
..................#....#........#
.....#######......#....#........#
.....#...§.#......#....#........#
.....#...§.'......#....#........#
.....#.....#......#....#........#
###'##.....#....@.#....#........#
#...##.....#...W.K#....#........#
#....'.....#......#....######'###
#....#.....#......#............#
#'####.....#......#............#
.....####'##.....>#............#
..................#............#
..................#....##......#
..................#######......#


You could see Pikel (berserk) and a phantom.

Vanquished Creatures
  An ogre (D:4)
  A lemure (D:4)
  A water moccasin skeleton (D:4)
  Natasha (thrice) (D:3)
  7 gnolls
  6 adders
  2 adder skeletons
  A worm (D:1)
  2 dart slugs (D:1)
  6 orcs
  6 ball pythons
  10 bats
  11 endoplasms
  6 giant cockroaches
  3 goblins
  10 hobgoblins
  5 jackals
  3 quokkas
  2 frilled lizards
  10 kobolds
  8 rats
104 creatures vanquished.

Vanquished Creatures (others)
  11 withered plants (D:1)
11 creatures vanquished.

Grand Total: 115 creatures vanquished

Notes
Turn   | Place    | Note
-------+----------+-------------------------------------------
     0 | D:1      | mdonais the Djinni Wanderer began the quest for the Orb.
     0 | D:1      | Reached XP level 1. HP: 17/17 MP: 0/0
   209 | D:1      | Reached XP level 2. HP: 16/22 MP: 0/0
   263 | D:1      | Reached skill level 1 in Short Blades
   870 | D:1      | Reached XP level 3. HP: 28/28 MP: 0/0
   870 | D:1      | Learned a level 1 spell: Pain
   985 | D:1      | Found a faded altar of an unknown god.
  1749 | D:2      | Reached XP level 4. HP: 25/34 MP: 0/0
  1885 | D:2      | Noticed Sigmund
  2663 | D:1      | Reached XP level 5. HP: 15/40 MP: 0/0
  2663 | D:1      | Learned a level 2 spell: Blink
  3703 | D:3      | Noticed Natasha
  3709 | D:3      | Killed Natasha
  3710 | D:3      | Reached skill level 1 in Dodging
  3817 | D:3      | Found a runed translucent door.
  3818 | D:3      | Noticed a bullfrog
  3819 | D:3      | Noticed DocClef's ghost (amateur GnDe)
  4120 | D:3      | Noticed Natasha
  4131 | D:3      | Killed Natasha
  4806 | D:3      | Reached XP level 6. HP: 39/46 MP: 0/0
  5268 | D:3      | Noticed Natasha
  5288 | D:3      | Killed Natasha
  5638 | D:3      | Found a hazy altar of Hepliaklqana.
  5640 | D:3      | Found a shimmering altar of Xom.
  5643 | D:3      | Found a shimmering altar of Xom.
  5643 | D:3      | Found an iron altar of Okawaru.
  5643 | D:3      | Found a burning altar of Makhleb.
  6281 | D:4      | Noticed an ogre
  6311 | D:4      | Killed an ogre
  6312 | D:4      | Reached XP level 7. HP: 27/52 MP: 0/0
  6312 | D:4      | Learned a level 3 spell: Dazzling Flash
  6686 | D:4      | Reached skill level 5 in Spellcasting
  7147 | D:5      | Entered Level 5 of the Dungeon
  7153 | D:5      | Noticed Pikel
  7177 | D:4      | HP: 2/52 [Pikel (1)]
  7178 | D:4      | Slain by Pikel

Illustrated notes

Levels and vault maps discovered:
D:1:      eino_arrival_cavern_e, layout_rooms,
          ebering_ecumenical_altar_petrified, st_stairs_11,
          chequers_serial_rivers_small_3
D:2:      layout_loops_cross, corexii_item_surrounded_by_moat, uniq_sigmund
D:3:      layout_basic, doesnt_xom_only_xom, ebering_ghost_sewer_d, uniq_natasha
D:4:      layout_gridville
D:5:      minmay_goblin_kobold_castle, layout_basic, trog_butcher_becter,
          minmay_temple_entry_hall, grunt_ministairs_5, minmay_lizard_king,
          uniq_pikel, uniq_edmund

Skill      XL: |  1  2  3  4  5  6  7 |
---------------+----------------------+-----
Short Blades   | 1 2 |  2.5
Fighting       | 2 3 4 |  4.0
Dodging        | 1 2 |  2.0
Armour         | 3 |  3.0
Spellcasting   | 5 |  5.0
Throwing       | |  1.0
Stealth        | |  1.0

Action                   |  1- 3 |  4- 6 |  7- 9 || total
-------------------------+-------+-------+-------++-------
Melee: Dagger            |   104 |    23 |       ||   127
       Quarterstaff      |       |       |     6 ||     6
Throw: Stone             |    42 |    11 |       ||    53
       Boomerang         |       |     1 |     4 ||     5
 Cast: Pain              |    12 |   161 |    22 ||   195
       Blink             |       |     2 |       ||     2
       Dazzling Flash    |       |       |     2 ||     2
  Use: Scroll            |       |     4 |       ||     4
       Potion            |       |       |     3 ||     3
 Stab: Sleeping          |       |     1 |       ||     1
Armor: Ring mail         |    41 |    13 |       ||    54
       Leather armour    |       |     6 |     7 ||    13
Dodge: Dodged            |    62 |    33 |     9 ||   104
